 Dungeon Crawl Stone Soup version 0.18.1-50-g88ac8fd (webtiles) character file.

144 person74 the Covered (level 5, -2/46 HPs)
             Began as a Hill Orc Fighter on Jan 1, 2017.
             Was an Initiate of Ru.
             Slain by Duvessa
             ... wielding a +2 rapier of draining
              (10 damage)
             ... on level 4 of the Dungeon.
             The game lasted 00:16:39 (3041 turns).

person74 the Covered (Hill Orc Fighter)             Turns: 3041, Time: 00:16:39

Health: -2/46      AC: 12    Str: 20    XL:     5   Next: 26%
Magic:  5/5        EV:  1    Int: 10    God:    Ru [......]
Gold:   119        SH:  8    Dex: 10    Spells: 0 memorised, 4 levels left

rFire  . . .     SeeInvis .     z - +4 war axe
rCold  . . .     Gourm    .     b - +0 scale mail
rNeg   . . .     Faith    .     c - +0 shield
rPois  .         Spirit   .     (no helmet)
rElec  .         Dismiss  .     A - +0 cloak
rCorr  .         Reflect  .     G - +4 pair of gloves of the Saviour {Int+2}
SustAt .         Harm     .     (no boots)
MR     .....                    (no amulet)
Stlth  ..........               (no ring)
                                (no ring)

@: heavily drained, not resistant to hostile enchantments, extremely unstealthy
A: no striking features
a: Sacrifice Love, Sacrifice Courage, Sacrifice Words, Reject Sacrifices,
Renounce Religion


You were on level 4 of the Dungeon.
You worshipped Ru.
Ru was noncommittal.
You were not hungry.

You visited 1 branch of the dungeon, and saw 4 of its levels.

You collected 119 gold pieces.

Inventory:

Hand Weapons
 a - a +0 long sword
 m - a +2 hand axe of venom
 z - a +4 war axe (weapon)
Missiles
 i - 3 tomahawks of returning (quivered)
Armour
 b - a +0 scale mail (worn)
 c - a +0 shield (worn)
 p - a +0 pair of boots
 q - a +0 scale mail
 A - a +0 cloak (worn)
 G - the +4 pair of gloves of the Saviour (worn) {Int+2}
   (You found it on level 4 of the Dungeon)

   It affects your intelligence (+2).
Jewellery
 n - a cursed ring of teleportation
 D - a cursed ring of loudness
Scrolls
 e - a scroll of blinking {unknown}
 h - a scroll of fear {unknown}
 l - 2 scrolls of enchant weapon {unknown}
 r - 2 scrolls of teleportation {unknown}
 u - 2 scrolls of enchant armour {unknown}
 x - a scroll of immolation {unknown}
 y - 2 scrolls of remove curse {unknown}
 E - a scroll of random uselessness {unknown}
Potions
 d - a potion of might
 j - 3 potions of lignification {unknown}
 k - a potion of ambrosia {unknown}
 s - 2 potions of curing {unknown}
 w - a potion of haste {unknown}
 B - 2 potions of cure mutation {unknown}
Comestibles
 f - a bread ration
 g - 2 fruits
 o - a beef jerky
 t - 2 slices of pizza
 v - a royal jelly
 C - a meat ration
 F - 2 chunks of flesh


   Skills:
 + Level 4.3(1.6) Fighting
 + Level 2.7(0.2) Long Blades
 + Level 1.1(0.0) Axes
 + Level 4.4(1.8) Armour
 + Level 1.0(0.0) Dodging
 + Level 0.1(0.0) Stealth
 + Level 4.2(1.5) Shields


You had 4 spell levels left.
You didn't know any spells.

Dungeon Overview and Level Annotations

Branches:
Dungeon (4/15)
 Temple: D:4-7

Altars:
Ashenzari
Gozag
Nemelex Xobeh
Ru
Sif Muna
Xom

Shops:
D:4 [

Annotations:
D:4 Dowan, Duvessa


Message History

You block Duvessa's attack.
You closely miss Dowan. You hit Duvessa.
Duvessa is moderately wounded.
You block Duvessa's attack. You block Dowan's attack.
Duvessa barely misses you.
Dowan points at you and mumbles some strange words.
The puff of frost hits you!
You slash Dowan!
Dowan is heavily wounded.
You hit Duvessa.
Duvessa is moderately wounded.
You block Duvessa's attack. Duvessa closely misses you.
Dowan hits you but does no damage.
Duvessa hits you with a rapier of draining!
* * * LOW HITPOINT WARNING * * *
You feel drained.
* * * LOW HITPOINT WARNING * * *
Dowan hits you but does no damage.
Duvessa hits you with a rapier of draining!
You die...

#........####
##.##....)#∩##
#...##.#.##+#
# ###...##(#.#
#.#........#.#
#............#
#.......>###
#........#
#.#..@####
#....ee..#
####.###(# ...
#.# #### #.#
#.# #.# #.#
#.#


You could see Duvessa and Dowan.

Vanquished Creatures
  A worker ant (D:4)
  4 adders
  3 gnolls (D:3)
  A worm (D:3)
  A dart slug (D:1)
  2 giant geckos
  2 orcs
  6 bats
  A giant cockroach (D:2)
  2 goblins
  8 hobgoblins
  7 jackals
  A quokka (D:3)
  2 ball pythons
  A giant gecko skeleton (D:4)
  2 giant newts
  A kobold (D:2)
  3 rats
48 creatures vanquished.

Notes
Turn   | Place    | Note
--------------------------------------------------------------
     0 | D:1      | person74 the Hill Orc Fighter began the quest for the Orb.
     0 | D:1      | Reached XP level 1. HP: 19/19 MP: 1/1
   125 | D:1      | Reached XP level 2. HP: 25/27 MP: 2/2
   692 | D:2      | Found a sacrificial altar of Ru.
   701 | D:2      | Became a worshipper of Ru the Awakened
   732 | D:2      | Found a shimmering altar of Xom.
   786 | D:2      | Found a deep blue altar of Sif Muna.
   933 | D:2      | Found an opulent altar of Gozag.
  1068 | D:2      | Reached XP level 3. HP: 33/33 MP: 3/3
  1288 | D:2      | Found a sparkling altar of Nemelex Xobeh.
  1561 | D:2      | Reached XP level 4. HP: 35/40 MP: 4/4
  2059 | D:3      | Found a sparkling altar of Nemelex Xobeh.
  2236 | D:3      | Reached skill level 1 in Axes
  2516 | D:3      | Found a shattered altar of Ashenzari.
  2562 | D:3      | Reached XP level 5. HP: 46/46 MP: 5/5
  2963 | D:4      | Reached skill level 1 in Dodging
  2976 | D:4      | Got a pair of ichor-stained gloves
  2982 | D:4      | Identified the +4 pair of gloves of the Saviour {Int+2} (You found it on level 4 of the Dungeon)
  3003 | D:4      | Found Kune Veu's Armour Shop.
  3025 | D:4      | Noticed Duvessa
  3025 | D:4      | Noticed Dowan
  3041 | D:4      | Slain by Duvessa

Skill      XL: |  1  2  3  4  5 |
---------------+----------------+-----
Fighting       | 4 |  4.3
Shields        | 4 |  4.2
Armour         | 4 |  4.4
Axes           | 1 |  1.1
Dodging        | 1 |  1.0
Long Blades    | |  2.7
Stealth        | |  0.1

Action                   |  1- 3 |  4- 6 || total
-------------------------+-------+-------++-------
Melee: Long sword        |    92 |     1 ||    93
       War axe           |       |    77 ||    77
Throw: Tomahawk          |       |     1 ||     1
  Use: Scroll            |       |     4 ||     4
  Eat: Chunk             |     2 |     5 ||     7
Armor: Scale mail        |    35 |    35 ||    70
Dodge: Dodged            |    37 |    31 ||    68
Block: Shield            |    59 |    49 ||   108
